 Dungeon Crawl Stone Soup version 0.19.0 (webtiles) character file.

86 Buncs the Skirmisher (level 4, -5/35 HPs)
             Began as a Demonspawn Abyssal Knight on Nov 10, 2016.
             Was a Believer of Lugonu.
             Slain by Sigmund
             ... wielding a +0 scythe
              (9 damage)
             ... on level 3 of the Dungeon.
             The game lasted 00:11:58 (3001 turns).

Buncs the Skirmisher (Demonspawn Abyssal Knight)    Turns: 3001, Time: 00:11:58

Health: -5/35      AC:  5    Str: 13    XL:     4   Next: 27%
Magic:  6/6        EV: 16    Int: 14    God:    Lugonu [**....]
Gold:   148        SH:  0    Dex: 17    Spells: 0 memorised, 3 levels left

rFire  x . .     SeeInvis .     a - +2 falchion
rCold  + . .     Gourm    .     j - +0 ring mail
rNeg   . . .     Faith    .     (no shield)
rPois  .         Spirit   .     (helmet restricted)
rElec  .         Reflect  .     (no cloak)
rCorr  .         Harm     .     (no gloves)
MR     .....                    (no boots)
Stlth  +.........               (no amulet)
                                (no ring)
                                k - ring of ice

@: confused, agile, very slightly contaminated, hasted, very quick
A: antennae 1, hooves 1
a: Depart the Abyss, Bend Space, Renounce Religion


You were on level 3 of the Dungeon.
You worshipped Lugonu.
Lugonu was pleased with you.
You were hungry.

You visited 1 branch of the dungeon, and saw 3 of its levels.
You visited the Abyss 1 time.

You collected 148 gold pieces.

Inventory:

Hand Weapons
 a - a +2 falchion (weapon)
 d - a +2 dagger of venom
 g - a +0 long sword
 i - a +0 hunting sling of flaming
 m - a +0 short sword of venom
 n - a +0 short sword of draining
Armour
 b - a +0 leather armour
 e - a +0 scale mail
 j - a +0 ring mail (worn)
Jewellery
 k - a ring of ice (left hand)
Wands
 c - a wand of disintegration (16/24)
Scrolls
 l - 2 scrolls of teleportation
Potions
 f - 2 potions of brilliance
 h - a potion of agility
Comestibles
 o - a bread ration
 q - a beef jerky


   Skills:
 + Level 3.4 Fighting
 * Level 3.1 Long Blades
 * Level 2.1 Armour
 + Level 1.4 Dodging
 * Level 3.0 Invocations


You had 3 spell levels left.
You didn't know any spells.

Dungeon Overview and Level Annotations

Branches:
Dungeon (3/15)

Altars:
Ashenzari
Vehumet

Annotations:
D:3 Sigmund


Innate Abilities, Weirdness & Mutations

You have a pair of small antennae on your head.
You have large cloven feet.


Message History

Sigmund is heavily wounded.
Sigmund screams, "I am the angel of ZOT!!!"
Sigmund gestures at you while chanting.
You are confused.
Sigmund misses you.
It was a potion of haste.
You feel yourself speed up.
Sigmund points at you and mumbles some strange words.
The puff of flame hits you! The fire burns you terribly!
You are very lightly contaminated with residual magic.
Sigmund gestures at you while chanting.
You are more confused.
You're too confused to move!
Sigmund closely misses you. Sigmund gestures at you while chanting.
The puff of flame misses you. Sigmund casts a spell at you.
The puff of flame hits you! The fire burns you terribly!
* * * LOW HITPOINT WARNING * * *
Sigmund hits you from afar with a scythe!
You die...

#.......#..#
#.#######.##
#.# #.# #.#
#.# #.#
#####.# #.#
#.....# #.#
#.@...# #.#
#.....# #.#
#..@..# #.#
#.....#
#.#####.###
#.......#
###....#..#.#
#...........#
#.......##..#
#...........#
###....#.##.#


You could see Sigmund.

Vanquished Creatures
  2 adders (D:2)
  An ufetubus (Abyss:1)
  A dart slug (D:2)
  3 giant cockroaches (D:2)
  6 goblins (D:2)
  7 hobgoblins
  6 jackals (D:2)
  10 kobolds
  A quokka (D:2)
  A ball python (D:1)
  14 bats
  A frilled lizard (D:1)
  5 rats
58 creatures vanquished.

Notes
Turn   | Place    | Note
-------+----------+-------------------------------------------
     0 | Abyss:1  | Buncs the Demonspawn Abyssal Knight began the quest for the Orb.
     0 | Abyss:1  | Reached XP level 1. HP: 18/18 MP: 2/2
   297 | D:1      | Escaped the Abyss
   346 | D:1      | Gained mutation: You have large cloven feet. [demonic ancestry]
   346 | D:1      | Reached XP level 2. HP: 24/24 MP: 3/3
   462 | D:1      | Reached skill level 1 in Dodging
   792 | D:1      | Found a shattered altar of Ashenzari.
  1010 | D:1      | Reached * piety under Lugonu
  1350 | D:2      | Gained mutation: You have a pair of small antennae on your head. [demonic ancestry]
  1350 | D:2      | Reached XP level 3. HP: 24/29 MP: 5/5
  1997 | D:2      | Reached ** piety under Lugonu
  2349 | D:2      | Found a radiant altar of Vehumet.
  2514 | D:2      | Reached XP level 4. HP: 24/35 MP: 6/6
  2973 | D:3      | Noticed Sigmund
  3001 | D:3      | Slain by Sigmund

Skill      XL: |  1  2  3  4 |
---------------+-------------+-----
Long Blades    | 2 3 |  3.1
Dodging        | 1 |  1.4
Armour         | 2 |  2.1
Invocations    | 3 |  3.0
Fighting       | |  3.4

Action                   |  1- 3 |  4- 6 || total
-------------------------+-------+-------++-------
Melee: Falchion          |   141 |    27 ||   168
       Kick              |    28 |     5 ||    33
Invok: Depart the Abyss  |     1 |       ||     1
  Use: Scroll            |     2 |     3 ||     5
       Potion            |     2 |     2 ||     4
  Eat: Bread ration      |     1 |       ||     1
       Pizza             |     1 |       ||     1
Armor: Scale mail        |    18 |       ||    18
       Leather armour    |     2 |       ||     2
       Ring mail         |    81 |     7 ||    88
Dodge: Dodged            |   121 |    14 ||   135
       Rpst.: Falchion   |    43 |     1 ||    44
